 Dungeon Crawl Stone Soup version 0.20.1-1-g8b1a95d (webtiles) character file.

168 gravoxx the Chopper (level 5, 0/47 HPs)
             Began as a Minotaur Fighter on Aug 15, 2017.
             Slain by Grinder (3 damage)
             ... on level 3 of the Dungeon.
             The game lasted 00:12:01 (1582 turns).

gravoxx the Chopper (Minotaur Fighter)              Turns: 1582, Time: 00:12:01

Health: 0/47       AC:  9    Str: 26    XL:     5   Next: 23%
Magic:  4/4        EV:  6    Int:  5    God:
Gold:   118        SH: 10    Dex: 10    Spells: 4/4 levels left

rFire    . . .     SeeInvis .   a - +0 war axe
rCold    . . .     Gourm    .   c - +0 shield
rNeg     . . .     Faith    .   j - +0 chain mail
rPois    .         Spirit   .   (helmet restricted)
rElec    .         Reflect  .   (no cloak)
rCorr    .         Harm     .   (no gloves)
MR       .....                  (no boots)
Stlth    ..........             (no amulet)
Regen    0.2/turn               (no ring)
MPRegen  0.1/turn               (no ring)

@: mighty
A: retaliatory headbutt, horns 2
a: no special abilities


You were on level 3 of the Dungeon.
You were not hungry.

You visited 1 branch of the dungeon, and saw 3 of its levels.

You collected 118 gold pieces.

Inventory:

Hand Weapons
 a - a +0 war axe (weapon)
Armour
 c - a +0 shield (worn)
 j - a +0 chain mail (worn)
Jewellery
 p - a cursed amulet of inaccuracy {unknown}
Scrolls
 e - 4 scrolls of teleportation {unknown}
 h - a scroll of fog {unknown}
 k - 3 scrolls of identify {unknown}
 m - a scroll of remove curse {unknown}
Potions
 b - a potion of curing {unknown}
 g - a potion of mutation {unknown}
 l - a potion of berserk rage {unknown}
 o - 2 potions of degeneration {unknown}
Books
 i - a book of Minor Magic

   Spells                             Type                      Level
   a - Magic Dart                     Conjuration                  1
   b - Blink                          Translocation                2
   c - Call Imp                       Summoning                    2
   d - Slow                           Hexes                        2
   e - Conjure Flame                  Conjuration/Fire             3
   f - Mephitic Cloud                 Conjuration/Poison/Air       3
Comestibles
 f - 3 bread rations
 n - a royal jelly


   Skills:
 + Level 4.4 Fighting
 + Level 4.7 Axes
 * Level 4.4 Armour
 - Level 0.2 Dodging
 + Level 0.1 Stealth
 + Level 4.4 Shields


You had 4 spell levels left.
You didn't know any spells.

Dungeon Overview and Level Annotations

Branches:
Dungeon (3/15)

Altars:
Yredelemnul

Annotations:
D:3 Grinder


Innate Abilities, Weirdness & Mutations

You reflexively headbutt those who attack you in melee.
You have a pair of horns on your head.


Message History

Grinder says, "FISH!"
Grinder blinks!
Grinder hits you.
* * * LOW HITPOINT WARNING * * *
You writhe in agony.
* * * LOW HITPOINT WARNING * * *
Grinder hits you.
* * * LOW HITPOINT WARNING * * *
You writhe in agony.
* * * LOW HITPOINT WARNING * * *
Grinder gestures at you.
You barely resist.
You see here a glowing orange potion.
You feel very mighty all of a sudden.
You barely miss Grinder. Your headbutt misses Grinder.
Grinder is heavily wounded.
Grinder barely misses you. Grinder hits you.
* * * LOW HITPOINT WARNING * * *
You writhe in agony.
You die...

>....# #.##.# ###
#.##.# #.. ##
#.##.# #.# #.#
#.##.# #.# ####.#
#.##.# #$####...#
#.##.# #.......##
#.##.###.####.#.##
#.##...........5@#
#.######.##.###.#.#
#.# .<....# #.....
#.# #.#####.#
#.###.# ..# #
#.....# .# ###
###.#.# # ... #..


You could see Grinder.

Vanquished Creatures
  Crazy Yiuf (D:2)
  Jessica (D:3)
  Natasha (D:3)
  3 adders
  3 worms
  A dart slug (D:1)
  2 leopard geckos
  A giant cockroach (D:1)
  7 goblins
  6 hobgoblins
  A jackal (D:1)
  A quokka (D:2)
  5 bats
  5 frilled lizards
  8 kobolds
  9 rats
  2 fungi (D:2)
57 creatures vanquished.

Notes
Turn   | Place    | Note
-------+----------+-------------------------------------------
     0 | D:1      | gravoxx the Minotaur Fighter began the quest for the Orb.
     0 | D:1      | Reached XP level 1. HP: 19/19 MP: 0/0
   109 | D:1      | Reached XP level 2. HP: 25/27 MP: 1/1
   578 | D:1      | Reached XP level 3. HP: 30/33 MP: 2/2
   746 | D:2      | Found a runed door.
   750 | D:2      | Noticed Crazy Yiuf
   758 | D:2      | Killed Crazy Yiuf
   758 | D:2      | Reached XP level 4. HP: 16/40 MP: 3/3
  1283 | D:2      | You fall through a shaft!
  1302 | D:3      | Noticed Jessica
  1307 | D:3      | Killed Jessica
  1309 | D:3      | Noticed Natasha
  1317 | D:3      | Killed Natasha
  1317 | D:3      | Reached XP level 5. HP: 37/47 MP: 4/4
  1451 | D:3      | Found a basalt altar of Yredelemnul.
  1552 | D:3      | Noticed Grinder
  1565 | D:3      | Paralysed by Grinder for 7 turns
  1582 | D:3      | Slain by Grinder

Skill      XL: |  1  2  3  4 |
---------------+-------------+-----
Shields        | 4 |  4.4
Fighting       | 4 |  4.4
Axes           | 3 4 |  4.7
Armour         | 4 |  4.4
Dodging        | |  0.2
Stealth        | |  0.1

Action                   |  1- 3 |  4- 6 || total
-------------------------+-------+-------++-------
Melee: War axe           |    78 |    56 ||   134
       Headbutt          |    11 |     8 ||    19
  Use: Potion            |       |     1 ||     1
  Eat: Chunk             |       |     2 ||     2
Armor: Scale mail        |    49 |       ||    49
       Chain mail        |       |    30 ||    30
Dodge: Dodged            |    40 |    12 ||    52
Block: Shield            |    55 |    24 ||    79
